 Dungeon Crawl Stone Soup version 0.16.1-14-g82efdee (webtiles) character file.

163 Finerminer the Slasher (level 5, -6/41 HPs)
             Began as a Formicid Fighter on Apr 12, 2015.
             Mangled by an ogre
             ... wielding a +0 giant spiked club
              (22 damage)
             ... on level 4 of the Dungeon.
             The game lasted 00:04:57 (3188 turns).

Finerminer the Slasher (Formicid Fighter)           Turns: 3188, Time: 00:04:57

Health: -6/41      AC:  9    Str: 21    XL:     5   Next: 73%
Magic:  7/7        EV:  7    Int:  8    God:
Gold:   108        SH:  9    Dex: 10    Spells: 0 memorised, 4 levels left

rFire  . . .     SeeInvis +     a - +0 long sword
rCold  . . .     Clarity  .     b - +0 scale mail
rNeg   . . .     SustAb   .     c - +0 shield
rPois  .         Gourm    .     (helmet unavailable)
rElec  .         Spirit   .     (no cloak)
rCorr  .         Warding  .     (no gloves)
rMut   .         Stasis   +     u - +1 pair of boots
MR     .....                    (no amulet)
Stlth  ..........               (no ring)
                                (no ring)

@: not resistant to hostile enchantments, extremely unstealthy
A: permanent stasis, dig shafts and tunnels, four strong arms, antennae 3
a: Dig, Shaft Self


You were on level 4 of the Dungeon.
You were not hungry.

You visited 1 branch of the dungeon, and saw 4 of its levels.

You collected 108 gold pieces.

Inventory:

Hand weapons
 a - a +0 long sword (weapon)
Armour
 b - a +0 scale mail (worn)
 c - a +0 shield (worn)
 u - a +1 pair of boots (worn)
Jewellery
 w - an uncursed ring of ice
Scrolls
 f - 2 scrolls of noise {unknown}
 g - a scroll of recharging {unknown}
 i - a scroll of amnesia {unknown}
 k - 2 scrolls of enchant weapon {unknown}
 l - a scroll of magic mapping {unknown}
 m - 2 scrolls of immolation {unknown}
 n - 2 scrolls of remove curse {unknown}
 t - 3 scrolls of identify {unknown}
Potions
 e - a potion of might
 o - 2 potions of restore abilities {unknown}
 p - 2 potions of heal wounds {unknown}
 r - 3 potions of curing {unknown}
 s - 2 potions of invisibility {unknown}
Comestibles
 d - 2 bread rations
 h - 4 slices of pizza
 j - 3 fruits
 q - 3 meat rations
 v - a chunk of flesh


   Skills:
 - Level 3.2 Fighting
 + Level 5.5 Long Blades
 - Level 3.2 Armour
 - Level 3.6 Shields


You had 4 spell levels left.
You didn't know any spells.

Dungeon Overview and Level Annotations

Branches:
Dungeon (4/15)
 Temple: D:4-7

Altars:
Fedhas
Okawaru
Ru
Yredelemnul

Annotations:
D:2 1 runed door


Innate Abilities, Weirdness & Mutations

You are under a permanent stasis effect.
You can dig through walls and to a lower floor.
Your four strong arms can wield two-handed weapons with a shield.
You have a pair of large antennae on your head (SInv).


Message History

Eat which item? (? for menu, Esc to quit)
You can't eat that!
You see here an iguana corpse.
You butcher the iguana corpse.
v - 2 chunks of flesh Eat one of 2 chunks of flesh? (ye/n/q/i?) This raw flesh tastes terrible.
You continue eating. x2
You start resting.
You sense a monster nearby.
An ogre comes into view. It is wielding a giant spiked club.
The ogre shouts!
You closely miss the ogre.
The ogre hits you with a giant spiked club!!
Ouch! That really hurt!
You slash the ogre!
The ogre is moderately wounded.
The ogre hits you with a giant spiked club!!
Ouch! That really hurt!
You die...

.# .. { #. #. #. #.
#######.#####
........<.O@########
#########.#........#
#.########.# #..
.... .[..# .P♣.?# .♣
..# .


You could see an ogre.

Vanquished Creatures
  The ghost of milkmanjack the Skirmisher, a weakling DsBe of Trog (D:3)
  An iguana (D:4)
  4 adders
  A giant gecko (D:3)
  An orc (D:3)
  3 ball pythons (D:3)
  5 giant cockroaches
  12 hobgoblins
  10 bats
  3 giant newts
  4 goblins
  A goblin skeleton (D:2)
  6 kobolds
  5 rats
57 creatures vanquished.

Notes
Turn   | Place    | Note
--------------------------------------------------------------
     0 | D:1      | Finerminer, the Formicid Fighter, began the quest for the Orb.
     0 | D:1      | Reached XP level 1. HP: 18/18 MP: 1/1
     6 | D:1      | Noticed a water moccasin
     6 | D:1      | Noticed a worker ant
     6 | D:1      | Noticed a wolf
   125 | D:1      | Reached XP level 2. HP: 13/24 MP: 3/3
   903 | D:1      | Reached XP level 3. HP: 29/29 MP: 4/4
  1166 | D:2      | Found a runed door.
  1166 | D:2      | Noticed a human
  1171 | D:2      | Found a basalt altar of Yredelemnul.
  1487 | D:2      | Reached XP level 4. HP: 26/35 MP: 5/5
  1568 | D:2      | Reached skill level 4 in Long Blades
  1963 | D:2      | Found a sacrificial altar of Ru.
  1964 | D:2      | Found an iron altar of Okawaru.
  2169 | D:3      | Noticed milkmanjack's ghost (weakling DsBe)
  2193 | D:3      | Killed milkmanjack's ghost
  2193 | D:3      | Reached XP level 5. HP: 4/41 MP: 7/7
  2635 | D:3      | Found a blossoming altar of Fedhas.
  2674 | D:3      | Reached skill level 5 in Long Blades
  3186 | D:4      | Noticed an ogre
  3188 | D:4      | Mangled by an ogre

Action                   |  1- 3 |  4- 6 || total
-------------------------+-------+-------++-------
Melee: Long sword        |   125 |   128 ||   253
  Use: Potion            |       |     1 ||     1
  Eat: Chunk             |     2 |     6 ||     8
